Map: Oxide LE

Players

DaCkesitO

  • Race: Terran Terran
  • League: Master

ViBE - Winner!

  • Race: Zerg Zerg
  • League: Master

VOD

Have the link to the VOD?

Description

Time

  • Played on: May 1, 2021, 9:29 p.m.
  • Length: 14:36
Show
View Real Time Build Order
Export as new Build Order

DaCkesitO Terran 

Build Orders: Reaper Expand, Hellion Banshee 

Get SALT Encoding   

  12  0:00  SCV  
  13  0:12  SCV  
  14  0:17  Supply Depot  
  14  0:24  SCV  
  15  0:38  SCV  
  15  0:40  Barracks  
  16  0:43  Refinery  
  16  0:50  SCV  
  17  1:02  SCV  
  18  1:14  SCV  
  19  1:27  Reaper, Orbital Command  
  20  1:40  Command Center  
  20  1:53  SCV  
  21  1:59  Supply Depot  
  21  2:01  Refinery  
  21  2:02  Marine  
  21  2:05  SCV  
  23  2:19  Factory  
  23  2:21  Barracks Reactor, SCV  
  24  2:34  SCV  
  25  2:50  SCV  
  26  2:55  Bunker  
  26  2:56  Orbital Command  
  26  3:03  SCV  
  27  3:14  Barracks Tech Lab  
  27  3:15  SCV, Hellion x2  
  27  3:18  Starport  
  32  3:27  SCV x2  
  32  3:28  Supply Depot  
  34  3:39  SCV x2  
  34  3:40  Hellion x2  
  39  3:51  SCV x2  
  39  3:52  Supply Depot  
  41  4:01  Hellion x2  
  41  4:02  Barracks Tech Lab, Banshee  
  45  4:03  SCV x2  
  50  4:13  Cloaking Field  
  50  4:15  SCV  
  51  4:17  SCV, Supply Depot  
  51  4:21  Marine, Stimpack  
  53  4:27  SCV  
  53  4:30  SCV  
  55  4:39  SCV  
  55  4:42  SCV  
  55  4:44  Hellion  
  55  4:45  Command Center  
  59  4:51  Banshee  
  64  4:53  Hellion  
  64  4:55  SCV  
  64  4:56  SCV  
  67  5:07  SCV  
  67  5:08  SCV  
  68  5:19  Refinery x2, SCV  
  69  5:21  SCV  
  69  5:22  Barracks  
  70  5:30  Factory Tech Lab  
  68  5:36  SCV x2  
  70  5:56  SCV x2, Raven, Marine  
  75  6:08  SCV x2  
  75  6:09  Siege Tank  
  75  6:10  Orbital Command  
  80  6:14  Marine  
  81  6:24  SCV  
  79  6:31  Orbital Command, Combat Shield  
  79  6:32  Marine  
  80  6:37  Barracks  
  80  6:38  Barracks  
  80  6:40  Barracks, Marine x2, Medivac  
  80  6:44  SCV  
  85  6:56  Engineering Bay x2  
  85  6:57  Armory  
  85  7:00  Barracks  
  85  7:02  Barracks  
  85  7:03  Barracks, Factory  
  85  7:04  Supply Depot  
  85  7:06  Supply Depot x2  
  85  7:09  SCV x3, Marine  
  89  7:21  SCV x2  
  89  7:22  SCV, Armory  
  92  7:28  Barracks Reactor x2  
  92  7:29  Barracks Reactor  
  92  7:31  Siege Tank  
  92  7:32  Terran Infantry Weapons Level 1  
  92  7:33  Terran Infantry Armor Level 1  
  92  7:34  SCV  
  92  7:36  Supply Depot  
  96  7:37  SCV  
  96  7:41  Supply Depot x2  
  96  7:43  Marine, Supply Depot  
  96  7:44  Marauder  
  100  7:49  SCV  
  101  8:06  SCV x2  
  101  8:08  Refinery  
  101  8:09  Refinery, Marine  
  101  8:10  Barracks Tech Lab x2, Marine  
  101  8:11  Barracks Reactor, Marine x2  
  101  8:12  Factory Tech Lab, Marauder  
  109  8:13  Medivac x2  
  109  8:14  SCV  
  114  8:30  Hellion x3  
  114  8:41  Marine x8  
  115  8:42  Marauder, Marine, Siege Tank x2  
  115  8:44  SCV  
  115  8:48  Terran Vehicle Weapons Level 1  
  103  8:55  Marine x2  
  103  8:57  Medivac x2  
  103  8:59  Marine  
  103  9:00  Marauder x3  
  116  9:06  Marine x6, Command Center  
  122  9:13  Marine x2  
  122  9:14  Siege Tank x2  
  122  9:16  Marine  
  131  9:21  Marauder, Marine x2  
  131  9:23  Marine  
  131  9:24  Marine x2  
  136  9:25  Marauder  
  140  9:33  Marine  
  140  9:34  Marine x4  
  140  9:36  Terran Infantry Armor Level 2, Terran Infantry Weapons Level 2  
  145  9:39  Marauder x2, Supply Depot  
  145  9:40  Supply Depot  
  145  9:41  Marine x2, Supply Depot  
  145  9:42  Marine  
  145  9:43  Marauder  
  154  9:46  Marauder  
  154  9:48  Supply Depot x2  
  154  9:49  Supply Depot  
  156  10:01  Marauder  
  146  10:12  Marauder, Marine x5  
  146  10:13  Marauder x2, Marine x3  
  146  10:14  Siege Tank x2  
  114  10:23  Marauder  
  113  10:29  Marine  
  113  10:30  Marine x2  
  113  10:33  Marine x6  
  113  10:34  Marauder, Marine  
  125  10:43  Medivac x2  
  125  10:44  Marauder  
  125  10:46  Planetary Fortress  
  125  10:47  Marine  
  125  10:48  Marine  
  133  10:52  Marauder  
  133  10:53  Marine x2  
  133  10:54  Marine x2  
  139  10:58  Terran Vehicle Weapons Level 2  
  139  11:15  Refinery  
  139  11:16  Refinery  
  139  11:17  Marine  
  139  11:18  Marine x8  
  140  11:19  Marauder x3  
  140  11:20  Medivac  
  156  11:28  Supply Depot  
  156  11:29  Supply Depot  
  156  11:30  Supply Depot  
  156  11:35  Marine  
  156  11:36  Marine x3  
  156  11:37  Marauder  
  162  11:40  Marauder x2  
  162  11:41  Missile Turret  
  162  11:44  Marine x2  
  162  11:45  Marauder, Marine x2, Siege Tank  
  175  11:47  Siege Tank  
  178  11:58  Marauder  
  102  12:20  Marine x2  
  102  12:21  Marauder x2, Marine x6  
  102  12:22  Marauder x2, Medivac x2, Siege Tank x2  
  119  12:26  SCV x2  
  119  12:29  SCV  
  122  12:32  SCV  
  123  12:38  SCV x2  
  123  12:39  Marine  
  123  12:40  Marine x3  
  123  12:41  SCV  
  123  12:43  Marauder  
  132  12:47  Marine  
  132  12:48  Marauder, Marine x2  
  137  12:56  SCV x2  
  137  12:57  SCV  
  140  12:59  Marine x3  
  140  13:00  Marauder  
  137  13:35  Marine x2  
  137  13:36  Marauder x2  
  137  13:37  Marauder, Marine x6  
  137  13:38  Marauder, Siege Tank x2  
  159  13:49  Medivac  
  159  13:53  Marine x2  
  163  13:57  Marauder x2  
  163  13:59  Marauder x2  
Show
View Real Time Build Order
Export as new Build Order

ViBE Zerg - Winner!

Build Orders: Hatch First 

Get SALT Encoding   

  12  0:00  Drone  
  13  0:15  Overlord  
  13  0:18  Drone  
  14  0:34  Drone x2  
  16  0:41  Drone  
  17  0:53  Hatchery  
  17  0:56  Drone  
  17  1:04  Drone  
  18  1:10  Extractor  
  17  1:17  Spawning Pool  
  16  1:18  Drone  
  16  1:21  Drone  
  18  1:30  Drone  
  19  1:54  Overlord  
  19  2:07  Queen x2  
  23  2:08  Zergling x4  
  23  2:11  Drone  
  26  2:17  Metabolic Boost  
  26  2:23  Drone x2  
  28  2:31  Drone x2  
  28  2:36  Overlord  
  30  2:40  Drone  
  31  2:50  Drone x2  
  32  2:52  Queen  
  34  3:03  Hatchery, Overlord  
  33  3:06  Drone  
  35  3:20  Drone x3  
  35  3:25  Zergling x4  
  35  3:26  Zergling x2  
  41  3:27  Drone  
  41  3:33  Queen  
  43  3:42  Drone x2  
  43  3:43  Drone  
  46  3:49  Overlord  
  46  3:54  Roach Warren  
  45  3:57  Drone x6  
  51  4:25  Drone x13  
  64  4:32  Overlord  
  64  4:45  Overlord x2  
  64  4:50  Overlord x4  
  64  4:56  Extractor, Queen  
  64  4:57  Overlord  
  64  4:58  Extractor  
  64  5:03  Queen  
  64  5:06  Roach  
  64  5:07  Roach x6  
  80  5:08  Overlord  
  80  5:19  Overlord  
  80  5:20  Drone  
  80  5:21  Drone x4  
  85  5:22  Spore Crawler  
  85  5:24  Spore Crawler x2  
  82  5:35  Drone x5  
  83  5:40  Lair  
  87  5:43  Drone x3  
  90  5:56  Drone x3, Queen  
  90  5:57  Queen  
  95  6:03  Extractor  
  96  6:05  Extractor  
  96  6:08  Drone x4  
  95  6:14  Extractor  
  95  6:17  Hatchery  
  93  6:24  Drone  
  94  6:27  Hatchery, Drone  
  94  6:28  Drone  
  95  6:33  Drone  
  95  6:34  Drone x3  
  95  6:38  Drone, Evolution Chamber  
  95  6:39  Evolution Chamber, Baneling Nest  
  97  6:43  Hydralisk Den  
  97  6:44  Zergling x2  
  97  6:45  Zergling x12  
  103  6:53  Overseer  
  103  6:59  Overlord x3  
  103  7:10  Zergling x2  
  103  7:11  Zergling x14  
  111  7:16  Zerg Ground Armor Level 1, Zerg Melee Weapons Level 1  
  111  7:17  Grooved Spines  
  111  7:21  Queen  
  113  7:34  Drone x2  
  113  7:35  Drone x10  
  125  7:41  Baneling x11, Centrifical Hooks  
  125  7:43  Drone  
  125  7:44  Drone x5  
  131  7:49  Hatchery  
  130  7:52  Overseer  
  130  7:54  Drone x2  
  130  7:55  Zergling x14  
  139  7:58  Baneling x6  
  139  7:59  Baneling x6  
  139  8:06  Hydralisk  
  139  8:07  Hydralisk x6  
  153  8:18  Zergling x2  
  153  8:19  Zergling x6  
  157  8:22  Overlord x4  
  157  8:25  Extractor  
  157  8:26  Extractor  
  155  8:28  Muscular Augments  
  149  8:51  Hatchery  
  137  8:57  Hydralisk x8  
  137  8:58  Hydralisk  
  137  8:59  Hydralisk x3  
  161  9:10  Zergling x32  
  161  9:11  Zergling x10  
  182  9:21  Overlord  
  182  9:23  Zergling x12  
  188  9:38  Overlord x2  
  188  9:44  Zerg Ground Armor Level 2  
  188  9:45  Zerg Melee Weapons Level 2, Infestation Pit  
  187  9:57  Zergling x10  
  187  9:58  Zergling x14  
  197  10:00  Baneling x3  
  197  10:01  Baneling x8  
  180  10:11  Hydralisk x9  
  180  10:12  Hydralisk x2, Zergling x2  
  180  10:13  Zergling x16  
  163  10:33  Drone x4  
  163  10:34  Drone  
  168  10:39  Queen  
  170  10:56  Zergling x20  
  170  10:57  Zergling x40  
  188  10:59  Hive  
  200  11:24  Hatchery  
  199  11:26  Baneling x4  
  199  11:27  Baneling x16  
  144  12:15  Zergling x2  
  144  12:16  Zergling x42  
  144  12:17  Zergling x58  
  144  12:18  Zergling x6  
  196  12:28  Adrenal Glands  
  196  12:33  Ultralisk Cavern  
  196  12:36  Lurker Den  
  194  12:46  Extractor x2  
  192  12:51  Queen  
  194  13:01  Baneling x22  
  194  13:02  Baneling x13  
  194  13:04  Zergling x10  
  183  13:34  Zergling x10  
  183  13:35  Zergling x22  
  199  13:50  Baneling  
  199  13:51  Baneling x18  
Tags
 
Add a new tag
Caveats
  • Supply blocks, unpowered buildings, or Contaminate may cause inaccurate times.
  • Supply counts are checked every 10 seconds.